AoeStats
← darador86

Black Forest

507886428Analyzed
4v4 RM · 13d ago on Sep 20, 2026· 60m 11s· 8 players
Game mode
Random Map
Map size
Large (8 player)
Population
200
Speed
Normal
Resources
Standard
Victory
Conquest
Starting age
Dark Age
Ending age
Imperial Age
RankedLock teamsTeams togetherTeam positionsShared explorationLock speedFull tech treeHidden civsTurbo modeCheats
Victory
Defeat
🇺🇸 Japanese · United States
661
+13
🇦🇷 Huns · Argentina
659
+13
🇦🇺 Ethiopians · Australia
651
+14
🇨🇳 Bohemians · China
555
+18
🇧🇷 Romans · Brazil
621
-15
🇧🇷 Britons · Brazil
599
-15
🇧🇷 Persians · Brazil
595
-14
🇧🇷 Romans · Brazil
586
-14
Jotape
1:01 Loom
1:08 Loom
16:38 Feudal Age
17:03 Horse Collar
17:25 Double-Bit Axe
18:36 Town Watch
19:55 Fletching
22:59 Wheelbarrow
25:58 Arson
26:17 Stone Mining
26:18 Gold Mining
28:58 Man-at-Arms
29:48 Padded Archer Armor
29:59 Forging
32:44 Castle Age
32:06 Scale Barding Armor
32:01 Scale Mail Armor
35:32 Bodkin Arrow
35:01 Crossbowman
35:03 Pikeman
35:44 Squires
36:25 Gold Shaft Mining
35:52 Heavy Plow
36:06 Bow Saw
37:54 Iron Casting
38:14 Leather Archer Armor
38:26 Hand Cart
40:36 Town Patrol
42:16 Chain Barding Armor
43:03 Ballistics
46:02 Caravan
49:24 Imperial Age
49:13 Yeomen
50:14 Bracer
51:21 Chemistry
50:18 Murder Holes
50:01 Halberdier
51:36 Conscription
_IMPERUS
1:21 Loom
12:15 Feudal Age
14:20 Double-Bit Axe
15:41 Horse Collar
19:44 Wheelbarrow
23:36 Castle Age
21:59 Town Watch
21:46 Man-at-Arms
25:06 Hand Cart
25:04 Stone Mining
25:27 Bow Saw
26:24 Gold Mining
27:24 Fletching
28:23 Caravan
31:18 Heavy Plow
32:25 Masonry
36:38 Town Patrol
37:06 Ballistics
36:54 Scale Mail Armor
37:55 Husbandry
41:28 Imperial Age
39:17 Chain Mail Armor
39:35 Bodkin Arrow
40:41 Kamandaran
40:45 Padded Archer Armor
41:29 Scale Barding Armor
41:37 Forging
41:20 Guard Tower
41:22 Heated Shot
41:28 Murder Holes
42:23 Conscription
41:53 Cavalier
43:41 Chemistry
43:07 Leather Archer Armor
42:32 Sappers
45:58 Crop Rotation
46:03 Plate Mail Armor
47:01 Iron Casting
46:59 Ring Archer Armor
47:18 Chain Barding Armor
46:25 Elite Skirmisher
48:34 Elite War Elephant
49:33 Citadels
50:37 Long Swordsman
50:37 Pikeman
51:18 Squires
51:03 Gambesons
51:05 Arson
52:20 Hoardings
55:13 Citadels
Guto_X
0:51 Loom
11:21 Feudal Age
11:53 Man-at-Arms
12:53 Double-Bit Axe
15:00 Wheelbarrow
14:09 Horse Collar
21:57 Castle Age
19:43 Town Watch
23:13 Bow Saw
23:28 Hand Cart
23:10 Stone Mining
23:27 Heavy Plow
25:55 Gold Mining
26:11 Town Patrol
28:42 Crossbowman
31:01 Squires
30:27 Long Swordsman
31:55 Guard Tower
34:35 Elite Skirmisher
37:09 Fletching
37:41 Husbandry
37:48 Squires
39:17 Bodkin Arrow
42:42 Scale Mail Armor
44:41 Pikeman
46:08 Coinage
50:22 Imperial Age
47:53 Murder Holes
48:02 Padded Archer Armor
48:57 Forging
49:03 Leather Archer Armor
48:54 Scale Barding Armor
51:20 Cavalier
51:20 Light Cavalry
52:11 Bloodlines
52:01 Elite Centurion
55:23 Chain Barding Armor
55:18 Chain Mail Armor
55:39 Iron Casting
55:36 Ring Archer Armor
Tloko
15:01 Feudal Age
16:19 Wheelbarrow
15:27 Horse Collar
15:37 Double-Bit Axe
15:47 Stone Mining
15:46 Town Watch
18:58 Gold Mining
32:44 Man-at-Arms
36:04 Castle Age
37:43 Scale Mail Armor
37:56 Forging
37:09 Light Cavalry
39:00 Padded Archer Armor
40:34 Gold Shaft Mining
40:32 Chain Mail Armor
39:44 Long Swordsman
41:51 Hand Cart
41:37 Town Patrol
41:24 Loom
42:52 Iron Casting
47:12 Imperial Age
45:01 Leather Archer Armor
44:58 Scale Barding Armor
45:53 Ballistas
49:07 Pikeman
49:48 Squires
49:09 Legionary
Dr_foul
15:34 Feudal Age
16:19 Horse Collar
16:26 Double-Bit Axe
20:46 Gold Mining
24:11 Stone Mining
27:32 Wheelbarrow
29:10 Castle Age
27:17 Scale Mail Armor
27:27 Forging
28:50 Arson
30:57 Gold Shaft Mining
30:24 Caravan
31:23 Bow Saw
31:15 Heavy Plow
32:11 Fortified Wall
31:46 Treadmill Crane
32:17 Murder Holes
32:45 Pikeman
33:26 Squires
33:19 Gambesons
33:53 Masonry
34:01 Chain Mail Armor
34:21 Iron Casting
37:12 Iron Casting
37:59 Wheelbarrow
37:56 Yasama
37:57 Fletching
39:23 Hand Cart
44:00 Imperial Age
44:38 Elite Samurai
45:41 Conscription
45:57 Hoardings
47:08 Plate Mail Armor
47:39 Blast Furnace
46:35 Town Watch
49:29 Kataparuto
49:25 Bodkin Arrow
49:34 Town Patrol
49:02 Halberdier
52:39 Chemistry
51:47 Siege Engineers
darador86
12:18 Feudal Age
13:37 Horse Collar
13:45 Double-Bit Axe
13:52 Gold Mining
20:27 Castle Age
21:41 Heavy Plow
22:18 Gold Shaft Mining
21:33 Stone Mining
22:01 Bow Saw
22:58 Forging
22:48 Scale Mail Armor
22:54 Scale Barding Armor
22:56 Stone Mining
24:47 Caravan
26:04 Town Watch
26:54 Wheelbarrow
28:51 Town Patrol
29:06 Hand Cart
34:05 Imperial Age
34:32 Husbandry
34:42 Bloodlines
33:53 Light Cavalry
34:37 Squires
33:57 Pikeman
34:23 Arson
34:02 Elite Skirmisher
34:02 Crossbowman
34:48 Thumb Ring
34:57 Marauders
35:18 Conscription
34:56 Elite Tarkan
37:05 Atheism
41:23 Ballistics
42:03 Chemistry
41:00 Murder Holes
41:15 Masonry
41:09 Padded Archer Armor
40:59 Fletching
41:30 Chain Mail Armor
41:58 Iron Casting
41:48 Chain Barding Armor
46:58 Plate Barding Armor
46:40 Leather Archer Armor
46:44 Bodkin Arrow
48:02 Blast Furnace
Good Knight
11:26 Feudal Age
10:43 Loom
12:29 Double-Bit Axe
13:29 Wheelbarrow
15:32 Town Watch
21:34 Castle Age
21:32 Stone Mining
21:44 Crossbowman
22:24 Horse Collar
24:49 Stone Shaft Mining
24:09 Fletching
26:28 Bow Saw
26:25 Bodkin Arrow
28:54 Gold Mining
29:27 Heavy Plow
31:24 Padded Archer Armor
32:20 Thumb Ring
33:43 Royal Heirs
36:00 Forging
36:25 Royal Heirs
41:03 Imperial Age
38:51 Hand Cart
41:02 Ballistics
41:35 Town Patrol
42:51 Chemistry
42:22 Conscription
44:20 Torsion Engines
46:28 Squires
46:14 Arson
47:43 Siege Engineers
48:15 Scale Mail Armor
48:51 Iron Casting
48:40 Leather Archer Armor
49:32 Caravan
49:41 Murder Holes
51:34 Blast Furnace
50:51 Chain Mail Armor
52:36 Elite Shotel Warrior
53:49 Halberdier
临喻
6:42 Loom
14:53 Feudal Age
15:37 Double-Bit Axe
15:45 Horse Collar
17:18 Wheelbarrow
17:07 Town Watch
27:51 Castle Age
29:49 Bow Saw
30:39 Elite Skirmisher
33:10 Heavy Plow
33:19 Fletching
33:30 Padded Archer Armor
39:50 Imperial Age
38:32 Leather Archer Armor
38:12 Bodkin Arrow
40:21 Pikeman
41:02 Squires
40:47 Arson
41:47 Caravan
43:01 Two-Man Saw
42:24 Ballistics
43:04 Chemistry
42:45 Hand Cart
43:11 Conscription
43:57 Town Patrol
43:52 Elite Hussite Wagon
46:03 Treadmill Crane
46:35 Masonry
46:30 Siege Engineers
46:37 Fortified Wall
46:54 Caravan
47:57 Halberdier
48:47 Wagenburg Tactics
48:48 Hussite Reforms
48:54 Houfnice
49:48 Scale Mail Armor
55:21 Ring Archer Armor
54:52 Bracer
55:02 Forging
55:08 Chain Mail Armor
55:26 Architecture
54:52 Murder Holes
54:44 Arrowslits
58:05 Crossbowman
58:49 Heavy Scorpion
58:50 Onager
58:51 Capped Ram
60:06 Plate Mail Armor
60:12 Iron Casting
60:02 Bombard Tower
59:33 Guard Tower
Connection lost

Rejoining the realm…

Still unreachable

The connection could not be restored.

Session expired

The server has moved on; the page needs a fresh start.